 Dungeon Crawl Stone Soup version 0.19-a0-1012-g919fee8 (webtiles) character file.

86792 Deemzul the Severer (level 15, -3/123 HPs)
             Began as a Demonspawn Gladiator on July 24, 2016.
             Was the Champion of Hepliaklqana.
             Killed from afar by a deep elf mage (61 damage)
             ... with a bolt of cold
             ... on level 1 of the Elven Halls.
             The game lasted 00:50:21 (21685 turns).

Deemzul the Severer (Demonspawn Gladiator)         Turns: 21685, Time: 00:50:22

Health: -3/123     AC: 26    Str: 25    XL:     15   Next: 41%
Magic:  29/29      EV: 19    Int: 11    God:    Hepliaklqana [******]
Gold:   1052       SH:  0    Dex: 18    Spells: 0 memorised, 14 levels left

rFire  + + +     SeeInvis .     t - +1 battleaxe (chop)
rCold  x . .     Gourm    .     a - +8 fire dragon armour of Ragroxick {+Inv rF++ rC- rN+ Dex+3}
rNeg   + . .     Faith    +     (shield currently unavailable)
rPois  +         Spirit   .     c - +0 helmet
rElec  .         Dismiss  .     p - +1 cloak
rCorr  .         Reflect  .     e - +0 pair of gloves
SustAt .         Harm     .     (boots unavailable)
MR     +....     Clarity  +     y - amulet of faith
Stlth  ..........               F - ring of magical power
                                h - +6 ring of strength

@: somewhat resistant to hostile enchantments, extremely unstealthy
A: hooves 3, slimy green scales 3, clarity, fire resistance 2, mutation
resistance 1, powered by death 3, spiny 2
a: Recall Ancestor, Ancestor Identity, Transference, Idealise, Renounce
Religion, Evoke Invisibility


You were on level 1 of the Elven Halls.
You worshipped Hepliaklqana.
Hepliaklqana was exalted by your worship.
You were very hungry.

You visited 4 branches of the dungeon, and saw 22 of its levels.
You also visited: Labyrinth.

You collected 1962 gold pieces.
You spent 910 gold pieces at shops.

Inventory:

Hand Weapons
 t - a +1 battleaxe of chopping (weapon)
 v - a +0 broad axe
 A - the +1 hand axe "Qizxorof" {flame, *Rage rElec rN+}
   (You bought it in a shop on level 5 of the Dungeon)

   It has been specially enchanted to burn those struck by it, causing extra
   injury to most foes and up to half again as much damage against particularly
   susceptible opponents.
   Big, fiery blades are also staple armaments of hydra-hunters.
   It insulates you from electricity.
   It protects you from negative energy.
   It may make you go berserk in combat.
 C - a +1 battleaxe of flaming
Missiles
 d - a throwing net (quivered)
Armour
 a - the +8 fire dragon armour of Ragroxick (worn) {+Inv rF++ rC- rN+ Dex+3}
   (You found it in a labyrinth)

   It affects your dexterity (+3).
   It greatly protects you from fire.
   It makes you vulnerable to cold.
   It protects you from negative energy.
   It lets you turn invisible.
 c - a +0 helmet (worn)
 e - a +0 pair of gloves (worn)
 p - a +1 cloak (worn)
Rods
 E - a +5 lightning rod (0/9)
   (You took it off a minotaur in a labyrinth)
 K - a +5 rod of clouds (2/11)
   (You found it in a labyrinth)
Jewellery
 h - a +6 ring of strength (left hand)
 j - a cursed amulet of inaccuracy {unknown}
 u - an uncursed amulet of harm
 y - an amulet of faith (around neck)
 F - a ring of magical power (right hand)
 H - a +4 amulet of reflection {unknown}
 L - an uncursed ring of poison resistance
 M - an uncursed ring of wizardry
Wands
 b - a wand of paralysis (8/24)
 B - a wand of random effects (30/48)
 N - a wand of polymorph (11/24)
 O - a wand of flame (34/48)
 P - a wand of lightning (5/15)
 Q - a wand of iceblast (7/15)
 U - a wand of lightning (7/15)
 W - a wand of paralysis (12/24)
Scrolls
 i - 17 scrolls of identify
 l - a scroll of magic mapping
 q - 2 scrolls of recharging
 r - 7 scrolls of remove curse
 w - a scroll of vulnerability {unknown}
 z - 3 scrolls of teleportation
 X - 2 scrolls of blinking
Potions
 g - 3 potions of heal wounds
 k - 12 potions of curing
 n - 2 potions of flight
Miscellaneous
 m - a box of beasts
 S - a phantom mirror
 Y - a phial of floods
Comestibles
 f - 20 bread rations
 o - 4 chunks of flesh
 s - 5 meat rations


   Skills:
 + Level 13.0 Fighting
 * Level 16.4 Axes
 - Level 1.7 Throwing
 + Level 5.7 Armour
 + Level 12.3 Dodging
 + Level 7.3 Invocations
 - Level 5.0 Evocations


You had 14 spell levels left.
You didn't know any spells.

Dungeon Overview and Level Annotations

Branches:
Dungeon (13/15)            Temple (0/1) D:5            Lair (6/6) D:11
 Spider (0/4) Lair:3        Slime (0/5) Lair:6          Orc (2/2) D:12
    Elf (1/3) Orc:2
  Swamp: Lair:2-4    Shoals: Lair:2-4    Vaults: D:13-14

Altars:
Ashenzari
Dithmenos
Gozag
Hepliaklqana
Makhleb
Okawaru
Pakellas
Sif Muna
Trog
Uskayaw
Xom
Zin
The Shining One

Shops:
D:5 (   Orc:2 =%:[(*!

Portals:
Pandemonium: Orc:2

Annotations:
Lair:4 exclusion: 4 oklob plants


Innate Abilities, Weirdness & Mutations

You have hooves in place of feet.
You are completely covered in slimy green scales. (AC +4, rPois)
You regenerate a lot of health from kills.
You are mostly covered in sharp spines.
You possess an exceptional clarity of mind.
Your flesh is very heat resistant. (rF++)
You are somewhat resistant to further mutation.


Message History

The bolt of cold hits you!
You feel a terrible chill!
You hit the ice beast.
The ice beast is almost dead.
The ice beast is struck by your spines.
You kill the ice beast!
The deep elf mage gestures wildly while chanting.
The deep elf mage blinks!
The deep elf mage points at you and mumbles some strange words.
The bolt of cold hits you!
You feel a terrible chill!
Unknown command.
There is an open door here.
You are feeling very hungry.
The deep elf mage is struck by your spines.
You kill the deep elf mage!
The ice beast disappears in a puff of smoke!
The deep elf mage mumbles some strange words.
Items here: ))) [[ † The deep elf mage gestures at you while chanting.
The bolt of cold hits you!
You feel a terrible chill!
You die...

###.).##
#...Y.#
##...##
+..e#
###'# #.#
#§# ....
#.# .....
#@#
.§/....
#)#
.§......
#.#
..§......
##'##
#.E.......
##...##
##........
#.....#
###.....
#.....#
.###..
#.....#
#.###
##'...##


You could see a deep elf mage and an ice beast.

Vanquished Creatures
  A deep elf demonologist (Elf:1)
  A minotaur (Lab)
  The ghost of Auroros the Protected, a journeyman DsCK of Xom (D:11)
  3 hydras
  A centaur warrior (D:13)
  A catoblepas (Lair:6)
  8 death yaks (Lair:6)
  2 dancing weapons (Elf:1)
  The ghost of Vergil the Destroyer, a novice DrAE of Gozag (Lair:1)
  4 orc high priests (Orc:2)
  4 deep elf knights (Elf:1)
  The ghost of trantor the Carver, a novice HEFi of Lugonu (D:11)
  Nergalle (D:10)
  2 soul eaters (Orc:2)
  An unseen horror (D:11)
  A torturous demonspawn (Orc:2)
  A deep elf archer (Elf:1)
  7 orc sorcerers
  2 orc knights (Orc:2)
  4 cyclopes
  6 deep elf magi (Elf:1)
  A griffon (Lair:4)
  A manticore (D:9)
  5 black mambas
  6 elephants
  Maurice (Orc:1)
  7 spiny frogs
  2 rime drakes (Lair:4)
  4 komodo dragons
  4 trolls
  A two-headed ogre (D:9)
  11 blink frogs
  6 redbacks
  A spriggan (D:10)
  26 yaks
  2 ynoxinuls (Orc:2)
  3 wraiths
  2 basilisks (Lab)
  2 wyverns
  5 hippogriffs
  3 hungry ghosts (Lab)
  3 vampire mosquitoes (D:13)
  Menkaure (D:5)
  A warg (Orc:1)
  8 water moccasins
  6 porcupines
  27 orc warriors
  An ice beast (D:10)
  A wasp (D:9)
  14 ogres
  2 phantoms
  3 wolves
  8 centaurs
  4 crocodiles
  4 big kobolds
  2 earth elementals
  13 giant frogs
  A gnoll sergeant (D:8)
  3 scorpions
  5 killer bees (D:12)
  3 wights
  A howler monkey (D:9)
  5 crimson imps
  A giant frog zombie (D:10)
  A quasit (D:11)
  3 centaur zombies
  3 jellies
  3 giant frog skeletons
  3 hounds
  2 centaur skeletons
  26 orc priests
  13 orc wizards
  2 iguanas
  6 worker ants
  A killer bee zombie (D:4)
  8 sheep
  2 worker ant zombies
  9 gnolls
  14 adders
  39 river rats
  4 oozes
  An adder skeleton (D:5)
  An adder zombie (D:8)
  3 worms
  4 giant geckos
  62 orcs
  A ball python (D:2)
  2 giant cockroaches
  7 goblins
  3 hobgoblins
  10 jackals
  16 kobolds
  2 quokkas
  9 bats
  3 giant newts
  2 quokka skeletons (D:5)
  5 rats
  4 fungi
  A plant (D:11)
538 creatures vanquished.

Vanquished Creatures (collateral kills)
  Erolcha (D:10)
  Fannar (Lair:3)
  3 hydras
  3 catoblepae (Lair:6)
  The ghost of CInkIbrahim the Spear-Bearer, a journeyman OpGl of Pakellas (D:10)
  Harold (Lair:3)
  2 death yaks (Lair:6)
  3 orc high priests (Orc:2)
  A deep elf archer (Elf:1)
  A hill giant (D:13)
  An orc sorcerer (Orc:2)
  2 orc knights (Orc:2)
  2 deep elf magi (Elf:1)
  A manticore (D:13)
  9 elephants
  4 spiny frogs
  A gargoyle (D:10)
  A hellwing (Orc:2)
  4 komodo dragons
  3 jumping spiders (Lair:3)
  4 trolls
  A two-headed ogre (D:9)
  A minotaur skeleton (Lab)
  3 blink frogs
  A redback (Lab)
  A shadow (D:11)
  A wraith (D:12)
  9 yaks
  3 basilisks
  A vampire mosquito (D:13)
  A hippogriff (D:13)
  9 hungry ghosts
  A warg (Orc:2)
  3 water moccasins
  3 porcupines
  An ice beast (D:9)
  10 orc warriors
  2 sky beasts
  A phantom (D:6)
  An eye of draining (D:9)
  A wasp (D:7)
  An ogre (Orc:2)
  5 crocodiles
  2 giant frogs
  A wyvern zombie (D:12)
  An earth elemental (Lab)
  A killer bee (D:12)
  8 wights
  2 jellies (Lair:6)
  2 crimson imps
  A quasit (D:10)
  A hound (D:13)
  4 orc priests
  6 orc wizards
  A wasp zombie (D:13)
  4 iguanas
  4 worker ants
  4 sheep (Lair:5)
  8 river rats
  A gnoll (D:3)
  A giant gecko (D:9)
  15 orcs
  A hobgoblin (D:3)
  A rat (D:3)
  2 fungi
  A plant (D:11)
181 creatures vanquished.

Vanquished Creatures (others)
  3 sheep (Lair:6)
  23 battlemagi
  An ancestor (D:3)
  8 fungi
  5 plants
40 creatures vanquished.

Grand Total: 759 creatures vanquished

Notes
Turn   | Place    | Note
-------+----------+-------------------------------------------
     0 | D:1      | Deemzul the Demonspawn Gladiator began the quest for the Orb.
     0 | D:1      | Reached XP level 1. HP: 16/16 MP: 1/1
   472 | D:1      | Gained mutation: You are partially covered in sharp spines. [demonic ancestry]
   472 | D:1      | Reached XP level 2. HP: 22/22 MP: 2/2
   619 | D:2      | Reached skill level 3 in Axes
   740 | D:2      | Reached XP level 3. HP: 28/28 MP: 3/3
   876 | D:2      | Found an opulent altar of Gozag.
   876 | D:2      | Found a hazy altar of Hepliaklqana.
   962 | D:2      | Found an oddly glowing altar of Pakellas.
  1236 | D:2      | HP: 1/28 [worm (7)]
  1500 | D:2      | Became a worshipper of Hepliaklqana
  1779 | D:3      | Gained mutation: You regenerate a little health from kills. [demonic ancestry]
  1779 | D:3      | Reached XP level 4. HP: 29/34 MP: 4/4
  1811 | D:3      | Noticed a giant frog
  1816 | D:3      | Killed a giant frog
  1816 | D:3      | Reached skill level 1 in Armour
  1859 | D:3      | Gained mutation: You are partially covered in slimy green scales. (AC +2) [demonic ancestry]
  1859 | D:3      | Reached XP level 5. HP: 27/41 MP: 5/5
  1865 | D:3      | Reached skill level 4 in Axes
  1867 | D:3      | Found a shadowy altar of Dithmenos.
  2021 | D:3      | Found an iron altar of Okawaru.
  2024 | D:3      | Found a bloodstained altar of Trog.
  2027 | D:3      | Found a deep blue altar of Sif Muna.
  2174 | D:4      | Reached XP level 6. HP: 41/47 MP: 6/6
  2354 | D:4      | Reached * piety under Hepliaklqana
  2412 | D:4      | Gained mutation: You have large cloven feet. [demonic ancestry]
  2412 | D:4      | Reached XP level 7. HP: 42/54 MP: 7/7
  2576 | D:4      | Found a shattered altar of Ashenzari.
  2677 | D:4      | Reached skill level 5 in Axes
  2752 | D:5      | Entered Level 5 of the Dungeon
  2774 | D:5      | Found a hide-covered altar of Uskayaw.
  3089 | D:5      | Noticed Menkaure
  3094 | D:5      | Killed Menkaure
  3144 | D:5      | Found a burning altar of Makhleb.
  3144 | D:5      | Found a shimmering altar of Xom.
  3287 | D:5      | Reached ** piety under Hepliaklqana
  3287 | D:5      | Found Kirut's Antique Weapon Shop.
  3288 | D:5      | Remembered your ancestor Ulric as a battlemage
  3302 | D:5      | Bought an encrusted hand axe for 208 gold pieces
  3302 | D:5      | Identified the cursed +1 hand axe "Qizxorof" {flame, *Rage rElec rN+} (You bought it in a shop on level 5 of the Dungeon)
  3386 | D:5      | Found a staircase to the Ecumenical Temple.
  3451 | D:5      | Found a glowing golden altar of the Shining One.
  3600 | D:6      | Found a deep blue altar of Sif Muna.
  3905 | D:6      | Found a glowing silver altar of Zin.
  4162 | D:6      | Gained mutation: You are mostly covered in sharp spines. [demonic ancestry]
  4162 | D:6      | Reached XP level 8. HP: 58/61 MP: 8/8
  4168 | D:6      | Reached skill level 6 in Axes
  4273 | D:7      | Reached skill level 5 in Fighting
  4274 | D:7      | Reached skill level 5 in Dodging
  4537 | D:7      | Reached skill level 7 in Axes
  4892 | D:7      | Reached *** piety under Hepliaklqana
  5152 | D:8      | Gained mutation: You are mostly covered in slimy green scales. (AC +3) [demonic ancestry]
  5152 | D:8      | Reached XP level 9. HP: 54/69 MP: 9/9
  5286 | D:8      | Reached skill level 8 in Axes
  5942 | D:9      | Noticed a manticore
  6278 | D:9      | Gained mutation: You possess an exceptional clarity of mind. [mutagenic meat]
  6283 | D:9      | Gained mutation: You are somewhat resistant to further mutation. [mutagenic meat]
  6290 | D:9      | Gained mutation: Your flesh is heat resistant. (rF+) [mutagenic meat]
  6293 | D:9      | Gained mutation: Your flesh is very heat resistant. (rF++) [mutagenic meat]
  6343 | D:9      | Reached skill level 9 in Axes
  6655 | D:9      | Reached **** piety under Hepliaklqana
  6872 | D:9      | Gained mutation: You are completely covered in slimy green scales. (AC +4, rPois) [demonic ancestry]
  6872 | D:9      | Reached XP level 10. HP: 51/79 MP: 10/10
  7039 | D:9      | Killed a manticore
  7153 | D:10     | Entered Level 10 of the Dungeon
  7157 | D:10     | Noticed CInkIbrahim's ghost (journeyman OpGl)
  7178 | D:10     | Killed CInkIbrahim's ghost
  7178 | D:10     | Reached skill level 10 in Axes
  7219 | D:10     | Noticed Nergalle
  7233 | D:10     | Killed Nergalle
  7329 | D:10     | Noticed a gargoyle
  7338 | D:10     | Killed a gargoyle
  7455 | D:10     | Noticed a cyclops
  7512 | D:10     | Killed a cyclops
  7626 | D:10     | Noticed Erolcha
  7637 | D:10     | Killed Erolcha
  7955 | D:10     | Gained mutation: You have hoof-like feet. [demonic ancestry]
  7955 | D:10     | Reached XP level 11. HP: 87/87 MP: 11/11
  8011 | D:10     | Reached skill level 11 in Axes
  8079 | D:11     | Found a staircase to the Lair.
  8082 | D:11     | Noticed trantor's ghost (novice HEFi)
  8083 | D:11     | Noticed Auroros's ghost (journeyman DsCK)
  8133 | D:11     | Killed trantor's ghost
  8337 | D:11     | Killed an unseen horror
  8612 | D:11     | Paralysed by Auroros's ghost for 3 turns
  9534 | D:12     | Found a staircase to the Orcish Mines.
  9562 | D:12     | Reached ***** piety under Hepliaklqana
  9950 | D:12     | Reached skill level 12 in Axes
 10626 | D:13     | Noticed a centaur warrior
 10648 | D:13     | Killed a centaur warrior
 10887 | D:13     | Reached XP level 12. HP: 52/97 MP: 12/12
 11256 | D:13     | Noticed a death knight
 11609 | D:12     | Reached skill level 10 in Fighting
 11642 | D:11     | Killed Auroros's ghost
 11975 | Lair:1   | Entered Level 1 of the Lair of Beasts
 11987 | Lair:1   | Found a shimmering altar of Xom.
 12127 | Lair:1   | Reached skill level 13 in Axes
 12396 | Lair:1   | Noticed Vergil's ghost (novice DrAE)
 12412 | Lair:1   | Killed Vergil's ghost
 12597 | Lair:2   | Noticed a four-headed hydra
 12610 | Lair:2   | Killed a four-headed hydra
 12610 | Lair:2   | Reached skill level 10 in Dodging
 13142 | Lair:2   | Noticed a five-headed hydra
 13151 | Lair:2   | Killed a five-headed hydra
 13302 | Lair:2   | Reached ****** piety under Hepliaklqana
 13629 | Lair:3   | Noticed Harold
 13642 | Lair:3   | Killed Harold
 13670 | Lair:3   | Found a hole to the Spider Nest.
 13726 | Lair:3   | Noticed an eight-headed hydra
 13729 | Lair:3   | Noticed Fannar
 13994 | Lair:4   | Gained mutation: You have hooves in place of feet. [demonic ancestry]
 13994 | Lair:4   | Reached XP level 13. HP: 81/106 MP: 13/13
 13996 | Lair:4   | Reached skill level 14 in Axes
 15375 | Lair:3   | Killed Fannar
 17054 | Lair:6   | Entered Level 6 of the Lair of Beasts
 17082 | Lair:6   | Found a staircase to the Slime Pits.
 17118 | Lair:6   | Reached skill level 1 in Evocations
 17142 | Lair:6   | Reached skill level 15 in Axes
 17142 | Lair:6   | Reached skill level 1 in Invocations
 17209 | Lair:6   | Found a labyrinth entrance.
 17324 | Lab      | Entered a labyrinth
 18249 | Lab      | Noticed a minotaur
 18269 | Lab      | Killed a minotaur
 18269 | Lab      | Gained mutation: You regenerate health from kills. [demonic ancestry]
 18269 | Lab      | Reached XP level 14. HP: 36/115 MP: 16/16
 18317 | Lab      | Got a jewelled fire dragon armour
 18328 | Lab      | Identified the +8 fire dragon armour of Ragroxick {+Inv rF++ rC- rN+ Dex+3} (You found it in a labyrinth)
 19780 | Lair:6   | Reached skill level 5 in Invocations
 19907 | Lair:4   | Identified a +5 rod of clouds (11/11) (You found it in a labyrinth)
 20153 | Orc:1    | Entered Level 1 of the Orcish Mines
 20189 | Orc:2    | Entered Level 2 of the Orcish Mines
 20350 | Orc:2    | Found Emor's Jewellery Emporium.
 20356 | Orc:2    | Bought a +6 ring of strength for 702 gold pieces
 20440 | Orc:2    | Found Piosk's General Store.
 20442 | Orc:2    | Found Ymoarr's Distillery.
 20464 | Orc:2    | Reached skill level 5 in Armour
 20603 | Orc:2    | Reached skill level 16 in Axes
 20604 | Orc:2    | Paralysed by an orc sorcerer for 2 turns
 20685 | Orc:2    | Gained mutation: You regenerate a lot of health from kills. [demonic ancestry]
 20685 | Orc:2    | Reached XP level 15. HP: 113/122 MP: 19/19
 20749 | Orc:2    | Found Vujank's Book Shoppe.
 20749 | Orc:2    | Found a one-way gate leading to the halls of Pandemonium.
 20749 | Orc:2    | Found Fyisk's Antique Armour Emporium.
 20754 | Orc:2    | Reached skill level 5 in Evocations
 20851 | Orc:2    | Found Wioc Hyn's Antique Weapon Shop.
 20855 | Orc:2    | Found a staircase to the Elven Halls.
 20889 | Orc:2    | Found Nieval's Food Shop.
 21276 | Orc:1    | Noticed Maurice
 21356 | Orc:1    | Killed Maurice
 21435 | Elf:1    | Entered Level 1 of the Elven Halls
 21685 | Elf:1    | Killed from afar by a deep elf mage

Vault maps used:
D:1:      dpeg_arrival_chambers_temple_mockup, serial_bayou_crossing
D:2:      lemuel_doored_altar, amethyst_overflow_temple_binary
D:3:      overflow_temple_1_default, grunt_temple_overflow_diamond
D:4:      kennysheep_mini
D:5:      grunt_temple_overflow_champion_of_chaos, lemuel_crystal_altar,
          tso_oasis_becter, serial_shops, nicolae_shop_overgrown_old_shop,
          first_bread, minivault_24, uniq_menkaure
D:6:      lemuel_round_altar, led_sif_book
D:10:     the_bakery, uniq_erolcha, uniq_nergalle
D:11:     due_lair_maze_entry_diamond
D:12:     orc_0_dummy
D:13:     david_defended_altar_orc
Lair:1:   basic_altar, grunt_megastairs_3
Lair:2:   lemuel_fruit_tree
Lair:3:   spider_nest_entry_a, uniq_harold, uniq_fannar
Lair:4:   dpeg_oklob_gauntlet, minmay_swamp_entry_reptiles
Lair:6:   evilmike_catoblepas_cave, nicolae_slime_entry_slimehenge,
          lab_entry_generic
Orc:1:    uniq_maurice
Orc:2:    pf_orc_diabolical, serial_shops, nicolae_shop_stone, shop,
          nicolae_shop_competitors_out_of_business
Elf:1:    elf_arrival_001, minivault_28
Lab:      nicolae_lab_grate_2, nicolae_lab_t_cross, nicolae_lab_quarters,
          lab_block, lab_statue, nicolae_lab_garden, nicolae_lab_plus,
          nicolae_lab_dead_end, nicolae_lab_hexagon, nicolae_lab_swirl,
          nicolae_lab_x, lab_hedge, labyrinth_skeletal_remains

Skill      XL: |  1  2  3  4  5  6  7  8  9 10 11 12 13 14 15 |
---------------+----------------------------------------------+-----
Axes           | 3 4 5 7 9 10 12 13 15 16 | 16.4
Dodging        | 3 4 5 6 8 9 10 11 12 | 12.3
Armour         | 1 2 3 5 |  5.7
Fighting       | 3 4 5 7 8 9 11 12 13 | 13.0
Evocations     | 2 4 5 |  5.0
Invocations    | 2 6 7 |  7.3
Throwing       | |  1.7

Action                   |  1- 3 |  4- 6 |  7- 9 | 10-12 | 13-15 || total
-------------------------+-------+-------+-------+-------+-------++-------
Melee: War axe           |    80 |    89 |    27 |       |       ||   196
       Hand axe          |       |       |   200 |   695 |   324 ||  1219
       Kick              |       |       |    80 |   253 |   320 ||   653
       Unarmed           |       |       |       |     8 |       ||     8
       Broad axe         |       |       |       |       |   103 ||   103
       Battleaxe         |       |       |       |       |   361 ||   361
Throw: Throwing net      |     1 |       |       |     9 |     5 ||    15
Invok: Ancestor Life: Ba |       |       |     1 |       |       ||     1
       Recall Ancestor   |       |       |       |     2 |     6 ||     8
Evoke: Wand              |       |       |       |     5 |       ||     5
       Box of beasts     |       |       |       |       |     1 ||     1
       Phial of floods   |       |       |       |       |     2 ||     2
       Rod               |       |       |       |       |    15 ||    15
  Use: Potion            |       |       |       |     3 |    12 ||    15
       Scroll            |       |       |       |    14 |     9 ||    23
 Stab: Sleeping          |     1 |     1 |       |       |       ||     2
       Distracted        |       |       |     2 |     6 |    12 ||    20
       Held in net/web   |       |       |       |     1 |     4 ||     5
       Invisible         |       |       |       |     1 |       ||     1
       Petrified         |       |       |       |       |     2 ||     2
       Petrifying        |       |       |       |       |     1 ||     1
  Eat: Chunk             |     2 |     3 |    18 |    21 |    26 ||    70
       Pizza             |       |       |     2 |     2 |     3 ||     7
Armor: Leather armour    |    30 |    29 |    49 |   144 |    15 ||   267
       Robe              |       |       |       |       |    30 ||    30
       Skin              |       |       |       |       |    20 ||    20
       Fire dragon armou |       |       |       |       |   149 ||   149
Dodge: Dodged            |    66 |    50 |   162 |   407 |   463 ||  1148
